 Dungeon Crawl Stone Soup version 0.31-a0-1529-g7bd419a0e5 (webtiles) character file.

Game seed: 7464214224714429587

106 NoAnimeNoLife the Vexing (level 4, 0/32 (34) HPs)
             Began as a Gnoll Hexslinger on Dec 31, 2023.
             Was a Believer of Zin.
             Slain by Crazy Yiuf
             ... wielding a +2 quarterstaff of chaos
              (3 damage)
             ... on level 2 of the Dungeon.
             The game lasted 00:02:56 (1723 turns).

NoAnimeNoLife the Vexing (Gnoll Hexslinger)         Turns: 1723, Time: 00:02:57

HP:   0/32 (34)     AC:  2    Str:  8    XL:     4   Next: 84%
MP:   6/8           EV: 15    Int: 12    God:    Zin [**....]
Gold: 52            SH:  5    Dex: 22    Spells: 0/9 levels left

rFire   . . .        a - +1 sling
rCold   . . .        (no shield)
rNeg    . . .        c - +0 robe
rPois   .            (no helmet)
rElec   .            (no cloak)
rCorr   .            (no gloves)
SInv    .            (no boots)
Will    .....        m - amulet of reflection
Stlth   ++           l - +6 ring of dexterity
HPRegen 0.25/turn    e - ring of wizardry
MPRegen 0.11/turn

%: reflection, wizardry (x1)
@: drained
A: fangs 1, strong nose, distributed training
a: Renounce Religion, Recite, Vitalisation, Donate Gold


You were on level 2 of the Dungeon.
You worshipped Zin.
Zin was pleased with you.
You visited 1 branch of the dungeon, and saw 2 of its levels.

You collected 85 gold pieces.
You donated 33 gold pieces to Zin.

Inventory:

Hand Weapons
 a - a +1 sling (weapon)
Armour
 c - a +0 robe (worn)
Jewellery
 e - a ring of wizardry (right hand)
 l - a +6 ring of dexterity (left hand)
 m - an amulet of reflection (around neck)
Scrolls
 b - a scroll of poison
 d - a scroll of blinking {@r3}
Potions
 h - a potion of curing {@q1}
 i - a potion of cancellation {unknown}
 j - a potion of haste {unknown}
 k - a potion of degeneration {unknown}


   Skills:
 + Level 2.8 Fighting
 + Level 1.3 Short Blades
 + Level 1.3 Long Blades
 + Level 1.3 Axes
 + Level 1.3 Maces & Flails
 + Level 1.3 Polearms
 + Level 1.3 Staves
 + Level 4.7 Ranged Weapons
 + Level 1.3 Throwing
 + Level 1.3 Armour
 + Level 4.7 Dodging
 + Level 1.3 Stealth
 + Level 1.3 Shields
 + Level 1.3 Unarmed Combat
 + Level 3.1 Spellcasting
 + Level 1.0 Conjurations
 + Level 5.5 Hexes
 + Level 1.0 Summonings
 + Level 1.0 Necromancy
 + Level 1.0 Translocations
 + Level 2.3 Fire Magic
 + Level 1.0 Ice Magic
 + Level 1.0 Air Magic
 + Level 1.0 Earth Magic
 + Level 1.0 Alchemy
 + Level 1.4 Invocations
 + Level 1.3 Evocations
 + Level 1.2 Shapeshifting


You couldn't memorise any spells.
You knew the following spells:

 Your Spells              Type           Power      Damage    Failure   Level
a - Jinxbite              Hex            30%        N/A       1%          2
b - Inner Flame           Hex/Fire       11%        N/A       6%          3
c - Sigil of Binding      Hex            15%        N/A       3%          3
d - Summon Small Mammal   Summ           16%        N/A       6%          1

Your spell library contained the following spells:

 Spells                   Type           Power      Damage    Failure   Level
 Apportation              Tloc           8%         N/A       6%          1
 Necrotise                Necr           16%        1d4       6%          1
 Sting                    Conj/Alch      16%        1d4       6%          1
 Cause Fear               Hex            7%         N/A       11%         4
 Dimensional Bullseye     Hex/Tloc       4%         N/A       26%         4


Dungeon Overview and Level Annotations

Branches:
Dungeon (2/15)

Altars:
Zin

Annotations:
D:2 Crazy Yiuf


Innate Abilities, Weirdness & Mutations

You have very sharp teeth.
Your uncanny sense of smell can sniff out nearby items.
Your experience applies equally to all skills.


Message History

Crazy Yiuf closely misses you.
Fire: a) +1 sling
Press: ? - help, Q - select action, (/) - cycle Shift-Dir - straight line, f/p - Crazy Yiuf
Aim: Crazy Yiuf, wielding a +2 quarterstaff of chaos and wearing a +1 cloak of stealth (heavily wounded, covering ground quickly, 69% to hit)
You shoot a sling bullet.
The sling bullet closely misses Crazy Yiuf.
Crazy Yiuf barely misses you.
Fire: a) +1 sling
Press: ? - help, Q - select action, (/) - cycle Shift-Dir - straight line, f/p - Crazy Yiuf
Aim: Crazy Yiuf, wielding a +2 quarterstaff of chaos and wearing a +1 cloak of stealth (heavily wounded, covering ground quickly, 69% to hit)
You shoot a sling bullet.
The sling bullet barely misses Crazy Yiuf.
Crazy Yiuf misses you.
Fire: a) +1 sling
Press: ? - help, Q - select action, (/) - cycle Shift-Dir - straight line, f/p - Crazy Yiuf
Aim: Crazy Yiuf, wielding a +2 quarterstaff of chaos and wearing a +1 cloak of stealth (heavily wounded, covering ground quickly, 69% to hit)
You shoot a sling bullet.
The sling bullet completely misses Crazy Yiuf.
Your binding sigil disappears.
Crazy Yiuf hits you with a +2 quarterstaff of chaos!
Crazy Yiuf freezes you.
Fire: a) +1 sling
Press: ? - help, Q - select action, (/) - cycle Shift-Dir - straight line, f/p - Crazy Yiuf
Aim: Crazy Yiuf, wielding a +2 quarterstaff of chaos and wearing a +1 cloak of stealth (heavily wounded, covering ground quickly, 69% to hit)
You shoot a sling bullet. The sling bullet hits Crazy Yiuf!
Crazy Yiuf is almost dead.
Crazy Yiuf hits you with a +2 quarterstaff of chaos!
Crazy Yiuf burns you.
* * * LOW HITPOINT WARNING * * *
Fire: a) +1 sling
Press: ? - help, Q - select action, (/) - cycle Shift-Dir - straight line, f/p - Crazy Yiuf
Aim: Crazy Yiuf, wielding a +2 quarterstaff of chaos and wearing a +1 cloak of stealth (almost dead, covering ground quickly, 69% to hit)
You shoot a sling bullet.
The sling bullet hits Crazy Yiuf but does no damage.
Crazy Yiuf is almost dead.
You block Crazy Yiuf's attack.
Crazy Yiuf hits you with a +2 quarterstaff of chaos.
* * * LOW HITPOINT WARNING * * *
You feel drained.
You die...

# ####.# ##### #.........
#########....# #..)# #.........
#............# #...# #.........
#............# ... #.........
.............# #'# #.........
.......(....## ♣♣.♣ ####......
............## ♣.♣♣ #......
.............# ♣♣g♣ ####......
.............# ♣@♣♣ #...>.....
#............# ♣♣.♣♣ #.........
######.......# ♣...♣♣ #.........
######)......# ♣....♣ #.........
.)....)......# #....# #.........
†............###....####.........
....)............................
....)............................
..#....÷......#..................


You could see Crazy Yiuf (swift).

Vanquished Creatures
  5 gnolls
  An adder (D:2)
  3 dart slugs
  5 bats
  2 endoplasms
  A giant cockroach (D:2)
  4 goblins
  5 hobgoblins
  4 jackals (D:1)
  2 quokkas
  3 ball pythons (D:1)
  2 frilled lizards (D:1)
  3 kobolds
  3 rats (D:2)
43 creatures vanquished.

Notes
Turn   | Place    | Note
-------+----------+-------------------------------------------
     0 | D:1      | NoAnimeNoLife the Gnoll Hexslinger began the quest for the
                  | Orb.
     0 | D:1      | Reached XP level 1. HP: 17/17 MP: 4/4
   102 | D:1      | Reached XP level 2. HP: 23/23 MP: 5/5
   247 | D:1      | HP: 1/23 [gnoll/+0 flail (5)]
   249 | D:1      | Reached XP level 3. HP: 1/28 MP: 7/7
   609 | D:1      | Reached skill level 1 in Invocations
   732 | D:2      | Found a faded altar of an unknown god.
   735 | D:2      | Prayed at the altar of an unknown god.
   735 | D:2      | Became a worshipper of Zin the Law-Giver
   735 | D:2      | Reached * piety under Zin
   740 | D:1      | Donated 25 gold pieces to Zin
   854 | D:2      | Reached skill level 1 in Short Blades
   854 | D:2      | Reached skill level 1 in Long Blades
   854 | D:2      | Reached skill level 1 in Axes
   854 | D:2      | Reached skill level 1 in Maces & Flails
   854 | D:2      | Reached skill level 1 in Polearms
   854 | D:2      | Reached skill level 1 in Staves
   854 | D:2      | Reached skill level 1 in Throwing
   854 | D:2      | Reached skill level 1 in Armour
   854 | D:2      | Reached skill level 1 in Stealth
   854 | D:2      | Reached skill level 1 in Shields
   854 | D:2      | Reached skill level 1 in Unarmed Combat
   854 | D:2      | Reached skill level 1 in Evocations
  1015 | D:2      | Reached skill level 1 in Shapeshifting
  1015 | D:2      | Reached XP level 4. HP: 34/34 MP: 8/8
  1027 | D:2      | Learned a level 2 spell: Jinxbite
  1031 | D:2      | Learned a level 3 spell: Inner Flame
  1035 | D:2      | Learned a level 3 spell: Sigil of Binding
  1353 | D:2      | Reached skill level 1 in Conjurations
  1353 | D:2      | Reached skill level 1 in Summonings
  1353 | D:2      | Reached skill level 1 in Necromancy
  1353 | D:2      | Reached skill level 1 in Translocations
  1353 | D:2      | Reached skill level 1 in Ice Magic
  1353 | D:2      | Reached skill level 1 in Air Magic
  1353 | D:2      | Reached skill level 1 in Earth Magic
  1353 | D:2      | Reached skill level 1 in Alchemy
  1430 | D:2      | Reached ** piety under Zin
  1570 | D:2      | Found a runed translucent door.
  1571 | D:2      | Noticed Crazy Yiuf
  1707 | D:2      | Learned a level 1 spell: Summon Small Mammal
  1723 | D:2      | Slain by Crazy Yiuf

Illustrated notes

Levels and vault maps discovered:
D:1:      minmay_arrival_glassed_features, layout_basic, nicolae_grassy_gnolls
D:2:      layout_basic, nicolae_ecumenical_oubliette, serial_bayou_lagoon_b,
          uniq_crazy_yiuf_cottage

Skill      XL: |  1  2  3  4 |
---------------+-------------+-----
Fire Magic     | 2 |  2.3
Invocations    | 1 |  1.4
Short Blades   | 1 |  1.3
Long Blades    | 1 |  1.3
Axes           | 1 |  1.3
Maces & Flails | 1 |  1.3
Polearms       | 1 |  1.3
Staves         | 1 |  1.3
Throwing       | 1 |  1.3
Armour         | 1 |  1.3
Stealth        | 1 |  1.3
Shields        | 1 |  1.3
Unarmed Combat | 1 |  1.3
Evocations     | 1 |  1.3
Shapeshifting  | 1 |  1.2
Spellcasting   | 3 |  3.1
Conjurations   | 1 |  1.0
Summonings     | 1 |  1.0
Necromancy     | 1 |  1.0
Translocations | 1 |  1.0
Ice Magic      | 1 |  1.0
Air Magic      | 1 |  1.0
Earth Magic    | 1 |  1.0
Alchemy        | 1 |  1.0
Fighting       | |  2.8
Ranged Weapons | |  4.7
Dodging        | |  4.7
Hexes          | |  5.5

Action                     |  1- 3 |  4- 6 || total
---------------------------+-------+-------++-------
   Fire: Sling             |    86 |    44 ||   130
   Cast: Sigil of Binding  |       |     7 ||     7
         Summon Small Mamm |       |     1 ||     1
 Invoke: Donate Gold       |     1 |       ||     1
    Use: Scroll            |       |     3 ||     3
 Armour: Robe              |    21 |     7 ||    28
  Dodge: Dodged            |    26 |    10 ||    36
  Block: Other             |       |     5 ||     5
         Reflection        |       |     1 ||     1

Table legend: (Time is in decaauts)
 A = Elapsed time spent in this place.
 B = Non-inter-level travel time spent in this place.
 C = Inter-level travel time spent in this place.
 D = Time resting spent in this place.
 E = Time spent auto-exploring this place.
 F = Levels seen in this place.
 G = Mean time per level.
                   A        B        C        D        E       F      G
               +--------+--------+--------+--------+--------+-----+--------+
         Total |   1756 |   1678 |     78 |    185 |   1198 |   2 |  878.0 |
       Dungeon |   1756 |   1678 |     78 |    185 |   1198 |   2 |  878.0 |
               +--------+--------+--------+--------+--------+-----+--------+

Top non-repeatable levels by time:
     D:2: 949 daAuts
     D:1: 807 daAuts
